 Dungeon Crawl Stone Soup version 0.31.0-12-g77e489cdc1 (webtiles) character file.

Game seed: 18444925212281442052

126 Cheops the Ruffian (level 5, -2/33 HPs)
             Began as an Octopode Shapeshifter on Feb 24, 2024.
             Was a Follower of Uskayaw.
             Slain by Grinder (7 damage)
             ... on level 3 of the Dungeon.
             The game lasted 00:04:30 (2123 turns).

Cheops the Ruffian (Octopode Shapeshifter)          Turns: 2123, Time: 00:04:30

Health: -2/33      AC:  1    Str: 15    XL:     5   Next: 10%
Magic:  5/5        EV: 13    Int: 12    God:    Uskayaw [*.....]
Gold:   134        SH:  0    Dex: 12    Spells: 4/4 levels left

rFire   . .          .
                       - Unarmed
rCold   . . .        (no shield)
rNeg    . . .        (helmet currently unavailable)
rPois   .            (no amulet)
rElec   .            (no ring)
rCorr   .            (no ring)
SInv    .            (no ring)
Will    .....        (no ring)
Stlth   ++           (no ring)
HPRegen 0.25/turn    (no ring)
MPRegen 0.09/turn    (no ring)
                     (no ring)

%: no passive effects
@: beast-form
A: beast (slay +2), almost no armour, amphibious, 8 rings, camouflage 1,
gelatinous body 1, (nimble swimmer 1), tentacles
a: Begin Untransformation, Renounce Religion, Stomp


You were on level 3 of the Dungeon.
You worshipped Uskayaw.
Uskayaw was noncommittal.
You were a hulking beast.
You visited 1 branch of the dungeon, and saw 3 of its levels.

You collected 134 gold pieces.

Inventory:

Talismans
 b - a beast talisman (active)
 c - a flux talisman
Scrolls
 e - 4 scrolls of vulnerability {unknown}
 f - a scroll of fog {unknown}
 g - 3 scrolls of teleportation {unknown}
 k - a scroll of acquirement {unknown}
 l - a scroll of amnesia {unknown}
 m - a scroll of enchant armour {unknown}
 n - a scroll of enchant weapon {unknown}
 o - 2 scrolls of identify {unknown}
 p - a scroll of noise {unknown}
Potions
 a - a potion of lignification
 d - 2 potions of degeneration {unknown}
 h - a potion of attraction {unknown}
 i - 3 potions of curing {unknown}
 j - a potion of heal wounds {unknown}
 q - a potion of haste {unknown}


   Skills:
 - Level 1.0 Fighting
 - Level 2.0 Dodging
 * Level 4.9 Unarmed Combat
 + Level 3.8 Shapeshifting


You had 4 spell levels left.
You didn't know any spells.
Your spell library contained the following spells:

 Spells                   Type           Power      Damage    Failure   Level
 Sting                    Conj/Alch      0%         1d3       32%         1
 Mercury Vapours          Alch/Air       0%         N/A       45%         2
 Olgreb's Toxic Radiance  Alch           0%         N/A       97%         4
 Summon Forest            Summ/Tloc      0%         N/A       100%        5
 Eringya's Noxious Bog    Alch           0%         4d6       100%        6
 Summon Hydra             Summ           0%         N/A       100%        7


Dungeon Overview and Level Annotations

Branches:
Dungeon (3/15)

Altars:
Cheibriados
Ru
Uskayaw

Shops:
D:2 [

Annotations:
D:3 Grinder


Innate Abilities, Weirdness & Mutations

You are a hulking beast.
Your limbs bulge with bestial killing power. (Slay +2)
You cannot wear most types of armour.
You are amphibious.
You can wear up to eight rings at the same time.
Your skin changes colour to match your surroundings (Stealth+).
Your rubbery body absorbs attacks. (AC +1, EV +1)
((You are camouflaged when in or above water. (Stealth+)))
You have tentacles for arms and can constrict up to eight enemies at once.


Message History

Your life force feels restored.
You have reached level 5!
You feel agile.
Things that are here:
a +2 dagger of draining; a +0 robe You now have 125 gold pieces (gained 4).
Things that are here:
a +2 dagger of draining; a +0 robe Grinder comes into view.
Grinder is nearby!
Grinder is nearby!
Grinder is nearby!
Grinder is nearby!
You now have 134 gold pieces (gained 9).
Grinder shouts!
You hear an angry hiss. x2
Grinder gestures at you. Pain shoots through your body!
You tentacle-slap Grinder. You grab Grinder. You squeeze Grinder!
Grinder is moderately wounded.
You constrict Grinder, but do no damage.
Grinder hits you!
* * * LOW HITPOINT WARNING * * *
You writhe in agony.
* * * LOW HITPOINT WARNING * * *
A frilled lizard comes into view.
A ball python comes into view.
Unknown command.
Unknown command.
You barely miss Grinder. You squeeze Grinder.
Grinder is moderately wounded.
You constrict Grinder, but do no damage.
Grinder hits you.
* * * LOW HITPOINT WARNING * * *
You writhe in agony.
* * * LOW HITPOINT WARNING * * *
Unknown command.
You bludgeon Grinder!
Grinder is severely wounded.
You constrict Grinder. Grinder hits you!
You die...
Grinder sighs, "Dead already?
I want a refund."

###..###........# .#
.........###.#####.#
#.#...#......# ##..#
§...#...####.###..#
≈§.#..#####......##
......# #..#...##
.≈..#.####.##.#.#
§≈.##...##.##.#.####
≈≈.......)......h5.#
........##....#.........
§≈....####.#########....
§§.§..###..# .S.
.§..#.....)# .
§...#......##
§≈..#.......#
§...........#
#..##.<.....#


You could see Grinder and a ball python.

Vanquished Creatures
  Terence (D:3)
  An orc wizard (D:3)
  A ribbon worm (D:2)
  A dart slug (D:2)
  3 orcs (D:3)
  4 ball pythons
  9 bats
  9 endoplasms
  A giant cockroach (D:1)
  3 goblins
  4 hobgoblins (D:1)
  7 jackals
  8 kobolds
  2 quokkas
  5 frilled lizards
  2 rats
61 creatures vanquished.

Notes
Turn   | Place    | Note
-------+----------+-------------------------------------------
     0 | D:1      | Cheops the Octopode Shapeshifter began the quest for the
                  | Orb.
     0 | D:1      | Reached XP level 1. HP: 13/13 MP: 1/1
   164 | D:1      | Found a faded altar of an unknown god.
   173 | D:1      | Reached XP level 2. HP: 9/18 MP: 2/2
   414 | D:1      | Reached XP level 3. HP: 23/23 MP: 3/3
   702 | D:1      | Reached skill level 4 in Unarmed Combat
   993 | D:2      | Found Hocsugoz's Armour Emporium.
  1202 | D:2      | Reached XP level 4. HP: 20/28 MP: 4/4
  1375 | D:2      | Found a hide-covered altar of Uskayaw.
  1448 | D:2      | Became a worshipper of Uskayaw the Reveller
  1585 | D:2      | Reached * piety under Uskayaw
  1620 | D:3      | Found a sacrificial altar of Ru.
  1675 | D:3      | Found a snail-covered altar of Cheibriados.
  1690 | D:3      | Noticed Terence
  1695 | D:3      | Reached ** piety under Uskayaw
  1696 | D:3      | Killed Terence
  2042 | D:3      | Reached *** piety under Uskayaw
  2053 | D:3      | Reached XP level 5. HP: 22/33 MP: 5/5
  2104 | D:3      | Noticed Grinder
  2123 | D:3      | Slain by Grinder

Illustrated notes

Levels and vault maps discovered:
D:1:      erik_arrival_cave_to_civilisation [erik_arrival_cave_to_hall],
          layout_basic, hellmonk_ecumenical_altar_dog_temple, minmay_box_of_dots
D:2:      layout_basic, serial_shops, shop, basic_altar,
          nicolae_kite_square_tiling_tiny
D:3:      layout_rooms, mainiacjoe_overflow_large_starburst,
          kennysheep_cross_bottleneck, uniq_terence, uniq_grinder

Skill      XL: |  1  2  3 |
---------------+----------+-----
Unarmed Combat | 4 |  4.9
Fighting       | |  1.0
Dodging        | |  2.0
Shapeshifting  | |  3.8

Action                     |  1- 3 |  4- 6 || total
---------------------------+-------+-------++-------
  Melee: Unarmed           |    81 |    28 ||   109
         Constrict         |    18 |    10 ||    28
         Tentacles         |    10 |    11 ||    21
         Punch             |     2 |       ||     2
Ability: Begin Untransform |     1 |       ||     1
   Stab: Sleeping          |     5 |     3 ||     8
         Paralysed         |       |     1 ||     1
 Armour: Skin              |    42 |     8 ||    50
  Dodge: Dodged            |    57 |    10 ||    67
   Form: Beast             |     1 |       ||     1
